 Dungeon Crawl Stone Soup version 0.26-a0-639-g72c4674329 (webtiles) character file.

Game seed: 4172571718734358231

3103 Lanoc the Basher (level 9, 0/89 HPs)
             Began as a Troll Berserker on Sept 26, 2020.
             Was a High Priest of Trog.
             Killed from afar by an orc wizard (12 damage)
             ... with a puff of frost
             ... on level 8 of the Dungeon.
             The game lasted 00:08:45 (4926 turns).

Lanoc the Basher (Troll Berserker)                  Turns: 4926, Time: 00:08:45

Health: 0/89       AC:  0    Str: 27    XL:     9   Next: 59%
Magic:  0/17       EV: 11    Int:  3    God:    Trog [*****.]
Gold:   345        SH:  0    Dex: 12    Spells: 8/8 levels left

rFire    . . .     SeeInvis .   a - +0 mace
rCold    . . .     Faith    .   (no shield)
rNeg     . . .     Spirit   +   s - +0 swamp dragon scales
rPois    +         Reflect  .   (helmet restricted)
rElec    .         Harm     .   C - +2 cloak {MR+}
rCorr    .         Rampage  .   (gloves unavailable)
MR       +++..                  (boots unavailable)
Stlth    +.........             w - amulet of guardian spirit
HPRegen  1.64/turn              r - ring of magical power
MPRegen  0.15/turn              n - ring of poison resistance

@: corroded, berserk cooldown, regenerating, slowed, very slow
A: large, unfitting armour, claws 3, regeneration 1, shaggy fur 1, tough skin 3
a: Berserk, Trog's Hand, Brothers in Arms, Renounce Religion


You were on level 8 of the Dungeon.
You worshipped Trog.
Trog was extremely pleased with you.
You visited 2 branches of the dungeon, and saw 9 of its levels.

You collected 345 gold pieces.

Inventory:

Hand Weapons
 a - a +0 mace (weapon)
Missiles
 f - 7 datura-tipped darts (quivered)
Armour
 s - +0 swamp dragon scales (worn)
 C - a +2 cloak of magic resistance (worn)
Jewellery
 n - a ring of poison resistance (right claw)
 r - a ring of magical power (left claw)
 w - an amulet of guardian spirit (around neck)
Wands
 m - a wand of iceblast (8)
 p - a wand of flame (38)
Scrolls
 b - 3 scrolls of blinking {unknown}
 c - 9 scrolls of remove curse {unknown}
 d - 3 scrolls of immolation {unknown}
 g - 2 scrolls of fog {unknown}
 j - 11 scrolls of identify {unknown}
 k - a scroll of enchant armour {unknown}
 l - a scroll of amnesia {unknown}
 o - 2 scrolls of teleportation {unknown}
 v - 2 scrolls of silence {unknown}
 x - 2 scrolls of magic mapping {unknown}
 y - a scroll of summoning {unknown}
 A - a scroll of random uselessness {unknown}
Potions
 e - a potion of lignification {unknown}
 i - 2 potions of brilliance {unknown}
 q - a potion of ambrosia {unknown}
 t - a potion of invisibility {unknown}
 u - 2 potions of flight {unknown}
 z - a potion of curing
 B - a potion of might {unknown}


   Skills:
 + Level 5.7 Fighting
 * Level 8.6 Maces & Flails
 + Level 4.1 Armour
 + Level 5.7 Dodging


You had 8 spell levels left.
You didn't know any spells.
Your spell library was empty.

Dungeon Overview and Level Annotations

Branches:
Dungeon (8/15)             Temple (1/1) D:7
   Lair: D:8-11

Altars:
Makhleb
Wu Jian


Innate Abilities, Weirdness & Mutations

You are too large for most types of armour.
You have claws for hands.
Your natural rate of healing is unusually fast.
You are covered in fur. (AC +1)
You have extremely tough skin. (AC +3)


Message History

The orc wizard seems to speed up.
You barely miss the orc wizard.
The orc wizard is heavily wounded.
The orc wizard gestures at you while chanting.
The puff of frost hits you!
* * * LOW HITPOINT WARNING * * *
The orc wizard begins to cast a cantrip, but forgets the words!
You hit the orc wizard but do no damage.
The orc wizard is heavily wounded.
The orc wizard looks encouraged for a moment.
The orc wizard closely misses you.
The orc wizard hits you with a +0 quarterstaff.
* * * LOW HITPOINT WARNING * * *
Your skin crawls.
You feel resistant to hostile enchantments.
The orc wizard hits you with a +0 quarterstaff.
* * * LOW HITPOINT WARNING * * *
The orc wizard points at you and mumbles some strange words.
The puff of frost hits you!
You die...

..# #..###'###.###....
...# ##...............#.
....###.)...##.#.#..#..##
...)........###..##.##...
.......)...## ###.#..###.
..........#######.#### #.
.........## #..†..# #.
.......o.## ####..## #.
......>.@.# ##..# #..#
....####!.## #### ##.
...# ##..## ## ... ##..#
# ##..# #. ##..# #. ....
#.... #.....


You could see an orc wizard (fast).

Vanquished Creatures
  Grinder (D:5)
  A hippogriff (D:7)
  A water moccasin (D:7)
  4 orc warriors
  2 necrophages (D:7)
  2 ice beasts (D:7)
  2 ogres
  A centaur (D:7)
  3 bullfrogs
  A water moccasin zombie (D:7)
  A scorpion (D:7)
  5 hounds
  A bullfrog zombie (D:5)
  A centaur zombie (D:7)
  3 jellies
  9 orc priests
  A bullfrog skeleton (D:6)
  A centaur skeleton (D:7)
  5 orc wizards
  Ijyb (D:3)
  An iguana (D:7)
  4 worker ants
  2 hound zombies
  2 hound skeletons
  A howler monkey zombie (D:5)
  2 worker ant zombies
  A howler monkey skeleton (D:4)
  12 gnolls
  6 adders
  A shadow imp (D:7)
  A white imp (D:7)
  3 ufetubi
  2 oozes (D:2)
  An adder zombie (D:7)
  A worm (D:3)
  A dart slug (D:3)
  5 leopard geckos
  32 orcs
  8 bats
  7 giant cockroaches
  6 hobgoblins
  2 jackals (D:3)
  A kobold (D:3)
  2 quokkas (D:7)
  A frilled lizard (D:2)
  3 giant cockroach zombies (D:4)
  5 goblins
  A leopard gecko zombie (D:4)
  2 quokka zombies (D:4)
  12 rats
174 creatures vanquished.

Vanquished Creatures (others)
  2 withered plants (D:4)
2 creatures vanquished.

Grand Total: 176 creatures vanquished

Notes
Turn   | Place    | Note
-------+----------+-------------------------------------------
     0 | D:1      | Lanoc the Troll Berserker began the quest for the Orb.
     0 | D:1      | Reached XP level 1. HP: 22/22 MP: 0/0
   180 | D:2      | Reached skill level 3 in Maces & Flails
   200 | D:2      | Reached XP level 2. HP: 29/29 MP: 1/1
   386 | D:2      | Reached XP level 3. HP: 36/36 MP: 2/2
   493 | D:3      | Reached ** piety under Trog
   503 | D:3      | Reached XP level 4. HP: 26/44 MP: 3/3
   524 | D:3      | Reached skill level 4 in Maces & Flails
   526 | D:3      | HP: 2/45 [orc/+0 mace (6)]
   635 | D:3      | Reached XP level 5. HP: 38/53 MP: 4/4
   836 | D:3      | Noticed Ijyb
   848 | D:3      | Killed Ijyb
  1368 | D:4      | Reached XP level 6. HP: 61/61 MP: 5/5
  1549 | D:4      | Reached skill level 5 in Maces & Flails
  1659 | D:4      | Reached *** piety under Trog
  1895 | D:4      | Reached XP level 7. HP: 68/68 MP: 6/6
  1917 | D:5      | Entered Level 5 of the Dungeon
  2108 | D:5      | Reached skill level 1 in Armour
  2144 | D:5      | Noticed Grinder
  2161 | D:5      | Killed Grinder
  2161 | D:5      | Reached skill level 6 in Maces & Flails
  2668 | D:5      | Reached XP level 8. HP: 75/79 MP: 7/7
  2853 | D:6      | Found a burning altar of Makhleb.
  3215 | D:6      | Reached **** piety under Trog
  3620 | D:7      | Reached skill level 7 in Maces & Flails
  3689 | D:7      | Noticed a hippogriff
  3697 | D:7      | Killed a hippogriff
  3697 | D:7      | Reached skill level 5 in Fighting
  3697 | D:7      | Reached skill level 5 in Dodging
  3884 | D:7      | Found a staircase to the Ecumenical Temple.
  3889 | Temple   | Entered the Ecumenical Temple
  3934 | D:7      | Reached XP level 9. HP: 88/88 MP: 8/8
  3999 | D:7      | Reached skill level 8 in Maces & Flails
  4405 | D:7      | Reached ***** piety under Trog
  4873 | D:8      | Found an ornate altar of the Wu Jian Council.
  4919 | D:8      | HP: 2/89 [orc wizard/+0 quarterstaff (7)]
  4926 | D:8      | Killed from afar by an orc wizard

Illustrated notes

Levels and vault maps discovered:
D:1:      minmay_arrival_five_plusses, layout_basic, minmay_pentomino_v2
D:2:      layout_loops_corners, nicolae_overflow_hidden_temple,
          minmay_rat_gold_closets
D:3:      layout_loops_ring, uniq_ijyb
D:4:      layout_rooms, serial_undead, serial_undead_f, serial_undead_d,
          serial_undead_d, serial_undead_a, kennysheep_generic_room_10
D:5:      layout_basic, uniq_grinder
D:6:      layout_layer_cave, minmay_misc_feat_four_crosses,
          chequers_serial_rivers_marsh, bloody_makhleb
D:7:      wad_guarded_room, layout_basic, minmay_temple_entry_statues_pillars
D:8:      layout_layer_cave, lemuel_doored_altar,
          chequers_temple_overflow_minitemple
Temple:   nicolae_temple_elliptical

Skill      XL: |  1  2  3  4  5  6  7  8  9 |
---------------+----------------------------+-----
Maces & Flails | 3 4 5 6 7 8 |  8.6
Fighting       | 3 4 5 |  5.7
Dodging        | 3 4 5 |  5.7
Armour         | 2 3 4 |  4.1

Action                   |  1- 3 |  4- 6 |  7- 9 || total
-------------------------+-------+-------+-------++-------
Melee: Mace              |    98 |   208 |   487 ||   793
Invok: Berserk           |     1 |     8 |    12 ||    21
       Trog's Hand       |       |     1 |     2 ||     3
  Use: Potion            |       |     3 |     4 ||     7
 Stab: Sleeping          |     6 |     4 |       ||    10
Armor: Animal skin       |    36 |    99 |       ||   135
       Swamp dragon scal |       |     9 |   204 ||   213
Dodge: Dodged            |    49 |   138 |   282 ||   469
Block: Other             |       |    56 |    52 ||   108

Table legend: (Time is in decaauts)
 A = Elapsed time spent in this place.
 B = Non-inter-level travel time spent in this place.
 C = Inter-level travel time spent in this place.
 D = Time resting spent in this place.
 E = Time spent auto-exploring this place.
 F = Levels seen in this place.
 G = Mean time per level.
                   A        B        C        D        E       F      G
               +--------+--------+--------+--------+--------+-----+--------+
         Total |   5174 |   5088 |     86 |    335 |   3270 |   9 |  574.9 |
       Dungeon |   5173 |   5087 |     86 |    335 |   3270 |   8 |  646.6 |
        Temple |      1 |      1 |      0 |      0 |      0 |   1 |    1.0 |
               +--------+--------+--------+--------+--------+-----+--------+

Top non-repeatable levels by time:
     D:7: 1227 daAuts
     D:5: 1147 daAuts
     D:3: 901 daAuts
     D:4: 637 daAuts
     D:6: 605 daAuts
     D:2: 417 daAuts
     D:8: 156 daAuts
     D:1: 79 daAuts
  Temple: 1 daAuts
